 Dungeon Crawl Stone Soup version 0.28.0-43-g3370ac3207 (webtiles) character file.

Game seed: 6561418570430507792

183 GreyFruit the Shooter (level 5, -11/49 HPs)
             Began as a Naga Hunter on Mar 15, 2022.
             Mangled by a gnoll sergeant
             ... wielding a +0 spear of venom
              (12 damage)
             ... on level 3 of the Dungeon.
             The game lasted 00:04:48 (1905 turns).

GreyFruit the Shooter (Naga Hunter)                 Turns: 1905, Time: 00:04:48

Health: -11/49     AC:  3    Str: 16    XL:     5   Next: 62%
Magic:  5/5        EV: 10    Int: 11    God:
Gold:   103        SH:  0    Dex: 12    Spells: 4/4 levels left

rFire   . . .      SeeInvis +   a - +1 shortbow
rCold   . . .      Faith    .   (shield currently unavailable)
rNeg    . . .      Spirit   .   c - +0 leather armour
rPois   +          Reflect  .   (no helmet)
rElec   .          Harm     .   (no cloak)
rCorr   .          Rampage  .   (no gloves)
Will    .....                   (no barding)
Stlth   ++........              g - amulet of regeneration
HPRegen 0.96/turn               (no ring)
MPRegen 0.09/turn               (no ring)

@: lethally poisoned (-11 -> -17), very slow
A: AC +1, large, see invisible, deformed body, poison resistance, slowness 2,
spit poison 1, naga tail 1
a: Spit Poison


You were on level 3 of the Dungeon.
You visited 1 branch of the dungeon, and saw 3 of its levels.

You collected 103 gold pieces.

Inventory:

Hand Weapons
 a - a +1 shortbow (weapon)
 n - a +1 whip of venom
Missiles
 d - 2 arrows (quivered ammo)
 i - 4 poisoned darts (quivered)
Armour
 c - a +0 leather armour (worn)
 k - a +0 scale mail
Jewellery
 g - an amulet of regeneration (around neck)
Wands
 b - a wand of polymorph (7)
Scrolls
 f - a scroll of teleportation {unknown}
 h - 2 scrolls of enchant armour {unknown}
 j - 2 scrolls of identify {unknown}
 o - a scroll of blinking {unknown}
Potions
 l - a potion of resistance {unknown}
 m - a potion of cancellation


   Skills:
 + Level 3.4 Fighting
 + Level 4.4 Bows
 + Level 2.7 Dodging
 - Level 3.6 Stealth


You had 4 spell levels left.
You didn't know any spells.
Your spell library contained the following spells:

 Spells                   Type           Power      Damage    Failure   Level
 Magic Dart               Conj           0%         1d3       41%         1
 Call Imp                 Summ           0%         N/A       54%         2
 Ensorcelled Hibernation  Hex/Ice        0%         N/A       54%         2
 Passwall                 Tmut/Erth      0%         N/A       54%         2
 Mephitic Cloud           Conj/Pois/Air  0%         N/A       78%         3
 Swiftness                Air            0%         N/A       78%         3


Dungeon Overview and Level Annotations

Branches:
Dungeon (3/15)

Altars:

Shops:
D:1 =


Innate Abilities, Weirdness & Mutations

Your serpentine skin is tough. (AC +1)
You have supernaturally acute eyesight. (SInv)
Armour fits poorly on your strangely shaped body.
Your system is resistant to poisons. (rPois)
You cover ground very slowly.
You can spit poison.
You have a snake-like lower body.


Message History

Press: ? - help, Shift-Dir - straight line, f/p - gnoll sergeant
Aim: a gnoll sergeant, wielding a +0 spear of venom and wearing a +0 scale mail (lightly wounded, 70% to hit)
The splash of poison misses the gnoll sergeant.
The splash of poison hits the gnoll!
The gnoll is severely wounded.
The gnoll sergeant barely misses you.
You shoot an arrow. The arrow hits the gnoll sergeant.
The gnoll sergeant is moderately wounded.
The gnoll sergeant barely misses you.
You shoot an arrow.
The arrow closely misses the gnoll sergeant.
The arrow hits the gnoll.
You kill the gnoll!
The gnoll sergeant hits you from afar with a +0 spear of venom!
You are too injured to fight recklessly!
You are too injured to fight recklessly!
Unknown command.
Throw: 6 darts (poison)
Press: ? - help, Q - select action, (/) - cycle Shift-Dir - straight line, f/p - gnoll sergeant
Aim: a gnoll sergeant, wielding a +0 spear of venom and wearing a +0 scale mail (moderately wounded, 65% to hit)
You throw a poisoned dart.
The poisoned dart hits the gnoll sergeant.
The gnoll sergeant is moderately wounded.
You have got your breath back.
The gnoll sergeant hits you from afar with a +0 spear of venom!
* * * LOW HITPOINT WARNING * * *
Throw: 5 darts (poison)
Press: ? - help, Q - select action, (/) - cycle Shift-Dir - straight line, f/p - gnoll sergeant
Aim: a gnoll sergeant, wielding a +0 spear of venom and wearing a +0 scale mail (moderately wounded, 65% to hit)
You throw a poisoned dart.
The poisoned dart hits the gnoll sergeant.
The gnoll sergeant is moderately wounded.
The gnoll sergeant hits you from afar with a +0 spear of venom!
* * * LOW HITPOINT WARNING * * *
You are lethally poisoned!
It was a potion of cancellation.
You feel magically purged.
* * * LOW HITPOINT WARNING * * *
You feel very sick.
The gnoll sergeant hits you from afar with a +0 spear of venom!
You die...

#.......#
#.......#
#.#...#.#
#.##..#.#
#.###.#.#
#.###.#.#
#.......#
#####.###
#@# #(#
#g#
.gg((..g#
..#######


You could see a gnoll sergeant and a gnoll.

Vanquished Creatures
  A kobold brigand (D:3)
  Terence (D:3)
  3 gnolls
  An adder (D:2)
  A worm (D:2)
  5 endoplasms (D:1)
  3 giant cockroaches
  6 hobgoblins
  6 kobolds
  A quokka (D:2)
  3 ball pythons
  5 bats
  3 frilled lizards
  6 goblins
  4 rats
49 creatures vanquished.

Vanquished Creatures (others)
  A plant (D:2)
1 creature vanquished.

Grand Total: 50 creatures vanquished

Notes
Turn   | Place    | Note
-------+----------+-------------------------------------------
     0 | D:1      | GreyFruit the Naga Hunter began the quest for the Orb.
     0 | D:1      | Reached XP level 1. HP: 19/19 MP: 1/1
   224 | D:1      | Reached XP level 2. HP: 26/26 MP: 2/2
   319 | D:1      | Reached XP level 3. HP: 33/33 MP: 3/3
   384 | D:1      | Found Ysoeso Unieck's One-of-a-Kind Rings.
  1121 | D:2      | Found a faded altar of an unknown god.
  1209 | D:2      | Reached skill level 4 in Bows
  1317 | D:2      | Reached XP level 4. HP: 40/40 MP: 4/4
  1730 | D:3      | Noticed Terence
  1743 | D:3      | Killed Terence
  1839 | D:3      | Noticed a kobold brigand
  1844 | D:3      | Killed a kobold brigand
  1845 | D:3      | Reached XP level 5. HP: 49/49 MP: 5/5
  1905 | D:3      | HP: 1/49 [poisoned by a gnoll sergeant]
  1905 | D:3      | Mangled by a gnoll sergeant

Illustrated notes

Levels and vault maps discovered:
D:1:      denvon_arrival_planthouse, layout_basic, kennysheep_decorative_pillar,
          nicolae_shop_unique_rings
D:2:      layout_loops_corners, ebering_ecumenical_altar_rust, serial_forest,
          infiniplex_forest_clump_small, infiniplex_forest_clump_cross,
          infiniplex_forest_lined_1, infiniplex_forest_lined_2,
          infiniplex_forest_corner_1, infiniplex_forest_clump_tiny,
          infiniplex_forest_lined_corner
D:3:      layout_loops_cross, roderic_serpentine_path, uniq_sigmund,
          uniq_terence

Skill      XL: |  1  2  3  4 |
---------------+-------------+-----
Stealth        | 2 3 |  3.6
Dodging        | 2 |  2.7
Bows           | 4 |  4.4
Fighting       | 3 |  3.4

Action                   |  1- 3 |  4- 6 || total
-------------------------+-------+-------++-------
Melee: Whip              |       |    15 ||    15
       Unarmed           |       |     3 ||     3
 Fire: Shortbow          |    78 |    28 ||   106
Throw: Dart              |       |     4 ||     4
 Abil: Spit Poison       |     1 |     4 ||     5
  Use: Potion            |       |     2 ||     2
Armor: Leather armour    |       |     9 ||     9
       Skin              |       |     1 ||     1
Dodge: Dodged            |     7 |    18 ||    25
